cohdb
Replays
Latest Replays
All Replays
Popular Replays
Top Player Replays
Match Explorer
How It Works
Community
CoH3 Stats
Reddit
Sign in to upload your games and track your stats! →
Sign in with Steam
Match 43750404
Unlisted
Match 43750404
Overview
Messages
Build Orders
End
Kettenkrad Recon Vehicle
Construct Infanterie Kompanie
Selects Terror Battlegroup
Selects Machine Gun Camouflage
GrW 34 Mortar Team
MG 42 Machine Gun Team
Grenadier Squad
MG 42 Bunker
Construct Luftwaffe Kompanie
221 Scout Car
Grenadier Squad
Pioneer Squad
Support Elements
Selects Contempt for the Weak
Jäger Squad
Wirbelwind Flakpanzer
Pioneer Squad
Marder III M Tank Destroyer
Jäger Squad
Selects Propaganda Leaflet Drop
Selects V1 Rocket Strike
Guderian ITA
Fajolada
Marchino
PotatoBotVR
Wolftails
m18345683287
0
0
Comments
sign in to comment!
No comments posted yet!